 Dungeon Crawl Stone Soup version 0.22-a0-439-gac93bac (webtiles) character file.

26608 nikopol the Eclecticist (level 12, -16/62 HPs)
             Began as a Deep Elf Fire Elementalist on May 29, 2018.
             Was a High Priest of Vehumet.
             Demolished by a sun demon (19 damage)
             ... in a volcano.
             The game lasted 01:06:11 (15333 turns).

nikopol the Eclecticist (DEFE)                     Turns: 15333, Time: 01:06:12

Health: -16/62     AC:  6    Str:  5    XL:     12   Next: 99%
Magic:  15/33      EV: 14    Int: 26    God:    Vehumet [*****.]
Gold:   932        SH:  0    Dex: 15    Spells: 23/42 levels left

rFire    . . .     SeeInvis .   e - +2 short sword (freeze)
rCold    . . .     Gourm    .   (no shield)
rNeg     + . .     Faith    .   a - +0 robe
rPois    +         Spirit   .   (no helmet)
rElec    .         Reflect  .   p - +1 cloak
rCorr    .         Harm     .   w - +0 pair of gloves
MR       +....                  o - +0 pair of boots
Stlth    +++.......             G - amulet of magic regeneration
HPRegen  0.20/turn              g - ring of poison resistance
MPRegen  0.48/turn              H - ring of positive energy

@: no status effects
A: no striking features
a: Renounce Religion


You were in a volcano.
You worshipped Vehumet.
Vehumet was extremely pleased with you.
You were very hungry.

You visited 3 branches of the dungeon, and saw 14 of its levels.
You also visited: Volcano.

You collected 932 gold pieces.

Inventory:

Hand Weapons
 e - a +2 short sword of freezing (weapon)
Armour
 a - a +0 robe (worn)
 o - a +0 pair of boots (worn)
 p - a +1 cloak (worn)
 w - a +0 pair of gloves (worn)
Jewellery
 g - a ring of poison resistance (left hand)
 i - an uncursed ring of fire
 z - an uncursed ring of see invisible
 C - a +1 ring of protection
 G - an amulet of magic regeneration (around neck)
 H - a ring of positive energy (right hand)
Wands
 F - a wand of random effects (46)
 N - a wand of disintegration (8)
 P - a wand of acid (5)
 R - a wand of flame (63)
 S - a wand of digging (11)
 U - a wand of iceblast (10)
 V - a wand of paralysis (32)
Scrolls
 l - 3 scrolls of enchant armour {unknown}
 t - a scroll of summoning {unknown}
 u - 3 scrolls of amnesia {unknown}
 v - 2 scrolls of teleportation {unknown}
 x - 2 scrolls of vulnerability {unknown}
 y - 4 scrolls of remove curse
 B - a scroll of acquirement {unknown}
 D - 4 scrolls of immolation {unknown}
 I - 2 scrolls of fear {unknown}
 K - 2 scrolls of identify
 M - 2 scrolls of silence {unknown}
 W - a scroll of blinking {unknown}
Potions
 b - 4 potions of ambrosia
 d - a potion of experience
 f - 4 potions of flight
 h - 2 potions of berserk rage
 j - a potion of agility
 k - 2 potions of magic
 m - a potion of degeneration
 n - 2 potions of heal wounds
 q - 2 potions of curing
 r - 5 potions of lignification
 s - a potion of resistance
 A - 4 potions of brilliance
 L - a potion of cancellation {unknown}
 O - a potion of mutation {unknown}
 Q - a potion of might {unknown}
Comestibles
 c - 30 rations


   Skills:
 + Level 2.2 Fighting
 + Level 4.4 Dodging
 + Level 5.2 Stealth
 + Level 15.9 Spellcasting
 + Level 12.8 Conjurations
 + Level 13.5 Fire Magic
 + Level 0.4 Ice Magic


You had 23 spell levels left.
You knew the following spells:

 Your Spells              Type           Power        Failure   Level  Hunger
a - Flame Tongue          Conj/Fire      #####        0%          1    None
b - Throw Flame           Conj/Fire      ######       0%          2    None
c - Conjure Flame         Conj/Fire      ######..     1%          3    None
d - Sticky Flame          Conj/Fire      ######..     1%          4    None
e - Fireball              Conj/Fire      ######....   1%          5    None
f - Throw Icicle          Conj/Ice       ######..     1%          4    None

Your spell library contained the following spells:

 Spells                   Type           Power        Failure   Level  Hunger
 Throw Frost              Conj/Ice       ######       1%          2    None
 Animate Dead             Necr           N/A          26%         4    None
 Pain                     Necr           ###.         2%          1    None
 Animate Skeleton         Necr           N/A          2%          1    None
 Vampiric Draining        Necr           ###.......   8%          3    None
 Freeze                   Ice            ###.         1%          1    None
 Summon Ice Beast         Ice/Summ       ###.....     22%         4    None
 Ozocubu's Armour         Chrm/Ice       ###.....     7%          3    None
 Regeneration             Chrm/Necr      ###.......   8%          3    None
 Inner Flame              Hex/Fire       ######..     1%          3    None


Dungeon Overview and Level Annotations

Branches:
Dungeon (8/15)             Temple (1/1) D:4            Lair (5/6) D:8
  Swamp (0/4) Lair:2       Spider (0/4) Lair:3        Slime (0/5) Lair:5

Altars:
Ashenzari
Cheibriados
Dithmenos
Elyvilon
Fedhas
Gozag
Hepliaklqana
Kikubaaqudgha
Makhleb
Nemelex Xobeh
Okawaru
Qazlal
Ru
Sif Muna
Trog
Uskayaw
Vehumet
Wu Jian
Xom
Yredelemnul
Zin
The Shining One


Message History

Press: ? - help, Shift-Dir - straight line, f - sun demon
Aim: a sun demon The shard of ice hits the sun demon.
The sun demon is frozen!
The sun demon is moderately wounded.
The sun demon hits you!
* * * LOW HITPOINT WARNING * * *
You are engulfed in flames!
* * * LOW HITPOINT WARNING * * *
You feel much better. The sun demon misses you.
Casting: Throw Icicle (safe; 1% risk of failure)
Confirm with . or Enter, or press ? or * to list all spells.
Aiming: Throw Icicle (safe; 1% risk of failure)
Press: ? - help, Shift-Dir - straight line, f/p - sun demon
Aim: a sun demon (moderately wounded)
The shard of ice hits the sun demon.
The sun demon is frozen!
The sun demon is heavily wounded.
The sun demon hits you!!
* * * LOW HITPOINT WARNING * * *
You are engulfed in flames!!
You die...

....≈≈§≈≈≈≈§≈≈≈≈≈≈≈..#
......§§≈≈§≈§≈≈§≈≈...#
#....≈≈§§≈§≈≈≈≈§≈...##
###...≈≈≈§§≈≈§≈.....#
##....§≈≈§§.......#
#....≈≈≈§§......##
##....≈≈.......##
##...§§§.##8.8#
##......###@##
##....## #3# ######
##h## ##...## #.....#
#..∩..# #.....#
###'### #...#


You could see a sun demon and a hell hound.

Vanquished Creatures
  3 hydras
  A catoblepas (Lair:2)
  Pikel (D:5)
  A swamp dragon (Lair:2)
  An orc sorcerer (D:7)
  An ugly thing (Volcano)
  3 oklob plants (Lair:1)
  5 elephants
  3 black mambas
  3 spiny frogs
  3 komodo dragons
  8 hippogriffs
  15 blink frogs
  Sigmund (D:3)
  Eustachio (D:5)
  A basilisk (Lair:2)
  22 yaks
  5 fire bats (Volcano)
  A steam dragon (D:8)
  14 wargs (D:7)
  The ghost of Paulus the Insei, an amateur OpTm of Cheibriados (D:3)
  7 water moccasins
  A hell hound (Volcano)
  7 porcupines
  An ice beast (D:8)
  9 orc warriors
  A sky beast (D:8)
  2 phantoms (D:4)
  2 ogres
  A necrophage (D:8)
  A centaur (D:8)
  7 crocodiles
  11 bullfrogs
  2 gnoll sergeants
  A water moccasin skeleton (D:8)
  A scorpion (D:4)
  8 jellies
  5 killer bees (D:8)
  4 howler monkeys
  A bullfrog zombie (D:6)
  5 lava snakes (Volcano)
  4 hounds
  6 orc priests
  A bullfrog skeleton (D:4)
  6 orc wizards
  6 iguanas
  7 worker ants
  A killer bee zombie (D:7)
  A hound skeleton (D:6)
  7 gnolls
  7 adders
  A shadow imp (D:6)
  15 oozes
  2 adder zombies (D:7)
  5 dart slugs
  2 leopard geckos
  48 orcs
  A ball python (D:5)
  5 giant cockroaches
  5 goblins
  6 hobgoblins
  8 jackals
  6 kobolds
  5 quokkas
  4 bats
  3 frilled lizards
  A leopard gecko skeleton (D:6)
  8 rats
  A fungus (Lair:1)
  A plant (Lair:5)
344 creatures vanquished.

Vanquished Creatures (others)
  Blork the orc (D:5)
  A crimson imp (D:5)
  A hound (D:5)
  2 gnolls (D:5)
  13 fungi
  10 plants
28 creatures vanquished.

Grand Total: 372 creatures vanquished

Notes
Turn   | Place    | Note
-------+----------+-------------------------------------------
     0 | D:1      | nikopol the Deep Elf Fire Elementalist began the quest for the Orb.
     0 | D:1      | Reached XP level 1. HP: 10/10 MP: 6/6
   160 | D:1      | Reached XP level 2. HP: 15/15 MP: 0/8
   902 | D:1      | Reached XP level 3. HP: 19/19 MP: 5/10
   906 | D:1      | Learned a level 2 spell: Throw Flame
   910 | D:1      | Learned a level 3 spell: Conjure Flame
  1417 | D:2      | Reached skill level 4 in Spellcasting
  1652 | D:2      | Reached XP level 4. HP: 24/24 MP: 9/12
  1930 | D:2      | Found a shattered altar of Ashenzari.
  1934 | D:2      | Saw a vision of the Swamp and the Spider Nest.
  1934 | D:2      | Noticed an alligator
  1934 | D:2      | Noticed an alligator
  1934 | D:2      | Noticed an alligator
  1934 | D:2      | Noticed a redback
  1934 | D:2      | Noticed a redback
  1936 | D:2      | Noticed an alligator
  1936 | D:2      | Noticed a redback
  1940 | D:2      | Noticed a redback
  2037 | D:2      | Found a faded altar of an unknown god.
  2290 | D:3      | Learned a level 4 spell: Sticky Flame
  2331 | D:3      | Noticed Sigmund
  2341 | D:3      | HP: 1/24 [Sigmund/magic dart (4)]
  2347 | D:3      | Killed Sigmund
  2347 | D:3      | Reached skill level 5 in Spellcasting
  2347 | D:3      | Reached XP level 5. HP: 24/28 MP: 12/15
  2428 | D:3      | Found a shimmering altar of Xom.
  2433 | D:3      | Found a shimmering altar of Xom.
  2434 | D:3      | Found a shimmering altar of Xom.
  2435 | D:3      | Found a shimmering altar of Xom.
  2436 | D:3      | Found a shimmering altar of Xom.
  2453 | D:3      | Found a shadowy altar of Dithmenos.
  2462 | D:3      | Noticed Paulus's ghost (amateur OpTm)
  2482 | D:3      | Killed Paulus's ghost
  2482 | D:3      | Reached XP level 6. HP: 32/32 MP: 2/16
  2491 | D:3      | Learned a level 5 spell: Fireball
  2721 | D:3      | Found a shimmering altar of Xom.
  3095 | D:4      | Reached skill level 6 in Spellcasting
  3123 | D:4      | Reached skill level 5 in Fire Magic
  3239 | D:4      | Reached XP level 7. HP: 36/36 MP: 15/18
  3623 | D:4      | Reached skill level 7 in Spellcasting
  3712 | D:4      | Found a deep blue altar of Sif Muna.
  3897 | D:4      | Found a staircase to the Ecumenical Temple.
  3904 | Temple   | Entered the Ecumenical Temple
  4279 | D:5      | Entered Level 5 of the Dungeon
  4312 | D:5      | Noticed Pikel
  4319 | D:5      | Killed Pikel
  4319 | D:5      | Reached skill level 8 in Spellcasting
  4319 | D:5      | Reached skill level 5 in Conjurations
  4319 | D:5      | Reached XP level 8. HP: 42/42 MP: 2/22
  4323 | D:5      | Noticed Eustachio
  4449 | D:5      | Killed Eustachio
  4553 | D:5      | Killed Blork the orc
  4677 | D:5      | Reached skill level 9 in Spellcasting
  4901 | D:5      | Found a sparkling altar of Nemelex Xobeh.
  4954 | D:5      | Found an ornate altar of the Wu Jian Council.
  4955 | D:5      | Found a snail-covered altar of Cheibriados.
  4959 | D:5      | Found a shattered altar of Ashenzari.
  5047 | D:5      | Found a stormy altar of Qazlal.
  5346 | D:6      | Found a radiant altar of Vehumet.
  5401 | D:6      | Became a worshipper of Vehumet
  5635 | D:6      | Reached XP level 9. HP: 46/46 MP: 14/24
  6170 | D:7      | Reached * piety under Vehumet
  6170 | D:7      | Offered knowledge of Magic Dart by Vehumet.
  6383 | D:7      | Found a basalt altar of Yredelemnul.
  6549 | D:7      | Reached skill level 10 in Spellcasting
  6977 | D:7      | Reached skill level 11 in Spellcasting
  7175 | D:7      | Reached XP level 10. HP: 51/51 MP: 16/27
  7247 | D:7      | Offered knowledge of Shock by Vehumet.
  7250 | D:7      | Reached ** piety under Vehumet
  7489 | D:7      | Noticed an orc sorcerer
  7545 | D:7      | Killed an orc sorcerer
  7545 | D:7      | Reached skill level 10 in Fire Magic
  7915 | D:7      | Offered knowledge of Ignite Poison by Vehumet.
  8673 | D:8      | Found a staircase to the Lair.
  8785 | D:8      | Reached skill level 1 in Fighting
  9058 | D:8      | Reached skill level 12 in Spellcasting
  9160 | D:8      | Reached *** piety under Vehumet
  9722 | Lair:1   | Entered Level 1 of the Lair of Beasts
  9801 | Lair:1   | Noticed a black mamba
  9806 | Lair:1   | Killed a black mamba
 10049 | Lair:1   | Offered knowledge of Iskenderun's Mystic Blast by Vehumet.
 10052 | Lair:1   | Reached skill level 10 in Conjurations
 10052 | Lair:1   | Reached XP level 11. HP: 56/56 MP: 11/29
 10104 | Lair:1   | Reached skill level 13 in Spellcasting
 10260 | Lair:1   | Reached skill level 5 in Stealth
 10343 | Lair:1   | Noticed a five-headed hydra
 10349 | Lair:1   | Killed a five-headed hydra
 10661 | Lair:1   | Noticed an oklob plant
 10752 | Lair:1   | Noticed an oklob plant
 10757 | Lair:1   | Killed an oklob plant
 10758 | Lair:1   | Killed an oklob plant
 10758 | Lair:1   | Reached **** piety under Vehumet
 11027 | Lair:1   | Noticed an oklob plant
 11035 | Lair:1   | Offered knowledge of Static Discharge by Vehumet.
 11041 | Lair:1   | Killed an oklob plant
 11228 | Lair:2   | Reached skill level 14 in Spellcasting
 11259 | Lair:2   | Noticed a five-headed hydra
 11283 | Lair:2   | Killed a five-headed hydra
 11517 | Lair:2   | Noticed a swamp dragon
 11520 | Lair:2   | Killed a swamp dragon
 11520 | Lair:2   | Reached XP level 12. HP: 61/61 MP: 16/32
 11587 | Lair:2   | Found a staircase to the Swamp.
 11676 | Lair:2   | Noticed a catoblepas
 11677 | Lair:2   | Reached ***** piety under Vehumet
 11677 | Lair:2   | Offered knowledge of Lee's Rapid Deconstruction by Vehumet.
 11689 | Lair:2   | Killed a catoblepas
 12402 | Lair:3   | Reached skill level 15 in Spellcasting
 12503 | Lair:3   | Found a hole to the Spider Nest.
 13525 | Lair:4   | Noticed a five-headed hydra
 13528 | Lair:4   | Killed a five-headed hydra
 13606 | Lair:4   | Got a twisted flail
 13607 | Lair:4   | Identified the cursed +3 flail of Woesch {drain, rElec rF+ Int-2} (You found it on level 4 of the Lair of Beasts)
 14462 | Lair:5   | Found a dark tunnel.
 14675 | Lair:5   | Learned a level 4 spell: Throw Icicle
 14697 | Volcano  | Entered a volcano
 15243 | Volcano  | Found a burning altar of Makhleb.
 15331 | Volcano  | HP: 1/62 [sun demon (13)]
 15333 | Volcano  | Demolished by a sun demon

Vault maps used:
D:1:      lightli_arrival_chessboard
D:2:      chequers_ecumenical_altar_lobes, grunt_ashenzari_visionary
D:3:      grunt_dithmenos_smoke_and_mirrors, xom_redecorated, uniq_sigmund
D:4:      nicolae_overflow_hidden_temple, minmay_temple_entry_butterflies
D:5:      old_standard_altar, marbit_many_paths, minitemple, first_ration,
          uniq_pikel, uniq_blork_the_orc, uniq_eustachio
D:6:      lemuel_round_altar, minmay_misc_feat_tower
D:7:      lemuel_castle_with_subvaults, yredelemnul_altar_generic
D:8:      dpeg_oklobed_lair
Temple:   oiseaux_autumnal_temple
Lair:1:   lemuel_slime, minmay_lair_oklob_chamber
Lair:2:   minmay_swamp_entry_reptiles
Lair:3:   spider_nest_entry_a
Lair:5:   slime_altar_1, nicolae_volcano_entry_lava_flow,
          grunt_forest_small_clearings, infiniplex_staircase_pool
Volcano:  volcano_grotto

Skill      XL: |  1  2  3  4  5  6  7  8  9 10 11 12 |
---------------+-------------------------------------+-----
Spellcasting   | 4 5 6 8 9 11 12 14 15 | 15.9
Stealth        | 3 4 5 |  5.2
Fire Magic     | 4 5 6 7 9 10 12 13 | 13.5
Conjurations   | 3 5 6 8 10 11 12 | 12.8
Dodging        | 3 4 |  4.4
Fighting       | 1 2 |  2.2
Ice Magic      | |  0.4

Action                   |  1- 3 |  4- 6 |  7- 9 | 10-12 || total
-------------------------+-------+-------+-------+-------++-------
Melee: Short sword       |     1 |     1 |     2 |       ||     4
 Cast: Flame Tongue      |    63 |    57 |   166 |   266 ||   552
       Throw Flame       |       |     6 |     7 |    32 ||    45
       Conjure Flame     |       |     1 |     2 |     5 ||     8
       Sticky Flame      |       |     1 |    19 |    60 ||    80
       Fireball          |       |       |    20 |    93 ||   113
       Throw Icicle      |       |       |       |    29 ||    29
  Use: Potion            |       |     1 |       |     2 ||     3
       Scroll            |       |    10 |     1 |     7 ||    18
  Eat: Chunk             |     2 |     2 |    15 |    26 ||    45
       Ration            |       |     1 |       |     1 ||     2
Armor: Robe              |     2 |     2 |     9 |    13 ||    26
Dodge: Dodged            |    18 |    10 |    28 |    64 ||   120

Table legend:
 A = Spawn XP
 B = Non-spawn XP
 C = Spawn XP percentage of total XP
 D = Spawn monster count
 E = Non-spawn monster count
 F = Spawn count percentage of total count
 G = Total turns spent on level
                    A         B        C        D         E        F      G
               +---------+---------+-------+---------+---------+-------+---------
         Total |       0 |   38012 |   0.0 |       0 |     342 |   0.0 | 15333
               +---------+---------+-------+---------+---------+-------+---------
           D:1 |       0 |      46 |   0.0 |       0 |      22 |   0.0 |  1088
           D:2 |       0 |      61 |   0.0 |       0 |      14 |   0.0 |  1004
           D:3 |       0 |     439 |   0.0 |       0 |      13 |   0.0 |  1072
           D:4 |       0 |     633 |   0.0 |       0 |      21 |   0.0 |   824
           D:5 |       0 |    1207 |   0.0 |       0 |      16 |   0.0 |   952
           D:6 |       0 |     818 |   0.0 |       0 |      20 |   0.0 |  1235
           D:7 |       0 |    4300 |   0.0 |       0 |      68 |   0.0 |  1744
           D:8 |       0 |    2069 |   0.0 |       0 |      37 |   0.0 |  1496
        Lair:1 |       0 |    8545 |   0.0 |       0 |      48 |   0.0 |  1472
        Lair:2 |       0 |    8967 |   0.0 |       0 |      37 |   0.0 |   989
        Lair:3 |       0 |    3766 |   0.0 |       0 |      18 |   0.0 |  1302
        Lair:4 |       0 |    2417 |   0.0 |       0 |       7 |   0.0 |  1008
        Lair:5 |       0 |    2863 |   0.0 |       0 |       9 |   0.0 |   204
       Volcano |       0 |    1881 |   0.0 |       0 |      12 |   0.0 |   636
               +---------+---------+-------+---------+---------+-------+---------
